[Event "Opocensky Memorial 2019"]
[Site "Prague"]
[Date "2019.06.23"]
[Round "2.1"]
[White "Sokolov, Alexander"]
[Black "Kozusek, Daniel"]
[Result "1/2-1/2"]
[ECO "C06"]
[WhiteElo "2382"]
[BlackElo "2339"]
[Annotator "NA"]
[PlyCount "39"]
[EventDate "2019.06.22"]
[EventType "tourn"]
[EventCountry "CZE"]
[SourceTitle "playchess.com"]
[Source "ChessBase"]
[SourceQuality "1"]
[TimeControl "5400+30"]

1. e4 e6 2. d4 d5 3. Nd2 Nf6 4. e5 Nfd7 5. c3 c5 6. Bd3 Nc6 7. Ne2 cxd4 8. cxd4 f6 9. exf6 Qxf6 10. Nf3 h6 11. Qc2 Bd6 12. Bg6+ Ke7 13. a3 Rd8 14. Be3 Nf8 15. Bd3 Kf7 16. O-O Kg8 17. Qd2 e5 18. dxe5 Nxe5 19. Nxe5 Bxe5 20. Bd4 1/2-1/2

[Event "Opocensky Memorial 2019"]
[Site "Prague"]
[Date "2019.06.23"]
[Round "2.2"]
[White "Neuman, Petr"]
[Black "Kourousis, Epaminondas"]
[Result "1/2-1/2"]
[ECO "B40"]
[WhiteElo "2395"]
[BlackElo "2394"]
[Annotator "NA"]
[PlyCount "21"]
[EventDate "2019.06.22"]
[EventType "tourn"]
[EventCountry "CZE"]
[SourceTitle "playchess.com"]
[Source "ChessBase"]
[SourceQuality "1"]
[TimeControl "5400+30"]

1. e4 c5 2. Be2 Nc6 3. c3 Nf6 4. d3 d5 5. Nd2 Qc7 6. Ngf3 e6 7. O-O Be7 8. a3 O-O 9. Re1 Rd8 10. Qc2 b6 11. Bf1 1/2-1/2

[Event "Opocensky Memorial 2019"]
[Site "Prague"]
[Date "2019.06.23"]
[Round "2.3"]
[White "Sergeev, Vladimir"]
[Black "Ivanov, Mikhail M"]
[Result "1/2-1/2"]
[ECO "D13"]
[WhiteElo "2411"]
[BlackElo "2366"]
[Annotator "NA"]
[PlyCount "20"]
[EventDate "2019.06.22"]
[EventType "tourn"]
[EventCountry "CZE"]
[SourceTitle "playchess.com"]
[Source "ChessBase"]
[SourceQuality "1"]
[TimeControl "5400+30"]

1. d4 d5 2. c4 c6 3. cxd5 cxd5 4. Nc3 Nc6 5. Nf3 Nf6 6. Bf4 a6 7. e3 Bg4 8. Be2 e6 9. O-O Bd6 10. Bxd6 Qxd6 1/2-1/2

[Event "Opocensky Memorial 2019"]
[Site "Prague"]
[Date "2019.06.23"]
[Round "2.4"]
[White "Sahidi, Samir"]
[Black "Burdalev, Kirill"]
[Result "0-1"]
[ECO "D12"]
[WhiteElo "2380"]
[BlackElo "2385"]
[Annotator "NA"]
[PlyCount "96"]
[EventDate "2019.06.22"]
[EventType "tourn"]
[EventCountry "CZE"]
[SourceTitle "playchess.com"]
[Source "ChessBase"]
[SourceQuality "1"]
[TimeControl "5400+30"]

1. d4 d5 2. c4 c6 3. Nf3 Nf6 4. e3 Bf5 5. Qb3 Qb6 6. Nc3 e6 7. Be2 Nbd7 8. O-O h6 9. Qxb6 axb6 10. Bd2 Bd6 11. Rac1 dxc4 12. Bxc4 b5 13. Bb3 O-O 14. Rfe1 Ne4 15. a3 Nb6 16. h3 Rfd8 17. g4 Bg6 18. Bc2 Nxd2 19. Nxd2 Bxc2 20. Rxc2 e5 21. Nf3 exd4 22. Nxd4 Be5 23. Nce2 Nd5 24. Nf3 Bc7 25. Nc3 Ba5 26. b4 Bb6 27. Nxd5 Rxd5 28. Rc3 Rad8 29. Kf1 g6 30. Rec1 f5 31. Ke2 Kf7 32. Rd3 Kf6 33. Rxd5 Rxd5 34. gxf5 gxf5 35. Rg1 Kf7 36. Rd1 Rxd1 37. Kxd1 c5 38. Kd2 c4 39. Kc3 f4 40. exf4 Bxf2 41. Kd2 Ke6 42. Ke2 Bb6 43. Kd2 Kf5 44. Ne5 Bc7 45. Nf7 Kf6 46. Nxh6 Bxf4+ 47. Kc3 Bxh6 48. a4 bxa4 0-1

[Event "Opocensky Memorial 2019"]
[Site "Prague"]
[Date "2019.06.23"]
[Round "3.1"]
[White "Plischki, Sebastian"]
[Black "Sokolov, Alexander"]
[Result "1-0"]
[ECO "E69"]
[WhiteElo "2420"]
[BlackElo "2382"]
[Annotator "NA RC"]
[PlyCount "75"]
[EventDate "2019.06.22"]
[EventType "tourn"]
[EventCountry "CZE"]
[SourceTitle "playchess.com"]
[Source "ChessBase"]
[SourceQuality "1"]
[TimeControl "5400+30"]

1. d4 Nf6 2. c4 g6 3. g3 Bg7 4. Bg2 O-O 5. Nc3 d6 6. Nf3 Nbd7 7. O-O e5 8. e4 c6 9. h3 Re8 10. Be3 a5 11. Qc2 exd4 12. Nxd4 Nc5 13. Rad1 Qe7 14. Rfe1 a4 15. f4 Qc7 16. Bf2 Qa5 17. Kh2 Qb4 18. a3 Qa5 19. Nf3 Be6 20. Bxc5 dxc5 21. e5 Nd7 22. Ne4 Bf5 23. Qe2 Bxe4 24. Qxe4 Rad8 25. h4 Nf8 26. Bh3 f6 27. h5 fxe5 28. Rxd8 Qxd8 29. hxg6 hxg6 30. Re2 Ne6 31. Qxg6 Nf8 32. Qe4 Ne6 33. Bxe6+ Rxe6 34. Kg2 Rh6 35. fxe5 Qd1 36. Re1 Qd7 37. e6 Qe7 38. Nh4 1-0

[Event "Opocensky Memorial 2019"]
[Site "Prague"]
[Date "2019.06.23"]
[Round "3.3"]
[White "Ivanov, Mikhail M"]
[Black "Sahidi, Samir"]
[Result "1/2-1/2"]
[ECO "A34"]
[WhiteElo "2366"]
[BlackElo "2380"]
[Annotator "ChessBase"]
[PlyCount "122"]
[EventDate "2019.06.22"]
[EventType "tourn"]
[EventCountry "CZE"]
[SourceTitle "playchess.com"]
[Source "ChessBase"]
[SourceQuality "1"]
[TimeControl "5400+30"]

1. Nf3 Nf6 2. g3 d5 3. Bg2 c5 4. c4 Nc6 5. cxd5 Nxd5 6. Nc3 Nc7 7. d3 e5 8. Nd2 Be6 9. Nc4 Qd7 10. Qa4 f6 11. f4 exf4 12. Bxf4 Be7 13. Bxc7 Qxc7 14. Nd5 Bxd5 15. Bxd5 O-O-O 16. Bxc6 Qxc6 17. Qxc6+ bxc6 18. Rf1 Rhe8 19. O-O-O Bd6 20. e3 Be5 21. Kc2 Rd5 22. Rf3 Bc7 23. Rd2 Re7 24. g4 Kb7 25. h3 Red7 26. e4 Rg5 27. Rg2 h5 28. Rf5 Rxf5 29. gxf5 Bf4 30. Rf2 Bg3 31. Rf3 Bh4 32. Kd1 Kc7 33. Ke2 Bg5 34. Rf1 Rd8 35. Rh1 Bh4 36. Rc1 Re8 37. Nd2 Kb6 38. Rg1 Bg5 39. Nc4+ Kc7 40. e5 Bh6 41. e6 Rd8 42. b3 Rd5 43. Rf1 Rd4 44. Rf3 Rd8 45. Kd1 Bg5 46. Kc2 Rd4 47. Rf2 Rd5 48. Kc3 h4 49. Rf3 Kd8 50. Nd2 Bxd2+ 51. Kxd2 Ke7 52. Rf4 g6 53. fxg6 Rg5 54. Rxh4 Rxg6 55. Rh7+ Kxe6 56. Rxa7 Rh6 57. a4 Rxh3 58. a5 Rh2+ 59. Kc3 Ra2 60. a6 Kd6 61. Rf7 Rxa6 1/2-1/2

[Event "Opocensky Memorial 2019"]
[Site "Prague"]
[Date "2019.06.23"]
[Round "3.4"]
[White "Kourousis, Epaminondas"]
[Black "Sergeev, Vladimir"]
[Result "0-1"]
[ECO "D15"]
[WhiteElo "2394"]
[BlackElo "2411"]
[Annotator "RC"]
[PlyCount "78"]
[EventDate "2019.06.22"]
[EventType "tourn"]
[EventCountry "CZE"]
[SourceTitle "playchess.com"]
[Source "ChessBase"]
[SourceQuality "1"]
[TimeControl "5400+30"]

1. d4 Nf6 2. c4 c6 3. Nc3 d5 4. Nf3 a6 5. g3 b5 6. b3 Bf5 7. Bg2 e6 8. O-O Ne4 9. Nxe4 Bxe4 10. Bg5 f6 11. Bf4 g5 12. Bd2 Nd7 13. Qe1 a5 14. cxb5 cxb5 15. Rc1 Ra6 16. Qd1 Ba3 17. Ra1 Bb2 18. Rb1 Ba3 19. Ra1 Rc6 20. Bc1 Bc2 21. Qe1 Be7 22. Bd2 b4 23. Rc1 Qc8 24. h4 h6 25. Be3 Kf7 26. Qd2 Rc3 27. Ne1 Bf5 28. Rd1 a4 29. Qb2 a3 30. Qd2 Qc7 31. hxg5 hxg5 32. Nd3 Rc8 33. Rc1 Bxd3 34. exd3 Rxc1 35. Qxc1 Qxc1 36. Rxc1 Rxc1+ 37. Bxc1 Nb8 38. g4 Nc6 39. Be3 Bd8 0-1

[Event "Opocensky Memorial 2019"]
[Site "Prague"]
[Date "2019.06.23"]
[Round "3.5"]
[White "Kozusek, Daniel"]
[Black "Neuman, Petr"]
[Result "1-0"]
[ECO "D00"]
[WhiteElo "2339"]
[BlackElo "2395"]
[Annotator "NA RC"]
[PlyCount "59"]
[EventDate "2019.06.22"]
[EventType "tourn"]
[EventCountry "CZE"]
[SourceTitle "playchess.com"]
[Source "ChessBase"]
[SourceQuality "1"]
[TimeControl "5400+30"]

1. d4 d5 2. Bf4 Nf6 3. e3 c5 4. dxc5 Nc6 5. Bb5 e6 6. b4 a5 7. c3 Bd7 8. Qb3 Nh5 9. Ne2 g5 10. Bxc6 bxc6 11. Be5 f6 12. Bd6 Bxd6 13. cxd6 Qb8 14. h4 g4 15. bxa5 Qa7 16. Qb4 Rg8 17. Nd2 Rb8 18. Qd4 c5 19. Qd3 Bb5 20. c4 Bxc4 21. Nxc4 dxc4 22. d7+ Kf7 23. Qxh7+ Ng7 24. O-O Rh8 25. Qe4 Rxh4 26. Rfd1 Qc7 27. Nf4 f5 28. Qxc4 Rhh8 29. Qc3 e5 30. Qc4+ 1-0

[Event "Opocensky Memorial 2019"]
[Site "Prague"]
[Date "2019.06.24"]
[Round "4.1"]
[White "Sokolov, Alexander"]
[Black "Neuman, Petr"]
[Result "1/2-1/2"]
[ECO "B87"]
[WhiteElo "2382"]
[BlackElo "2395"]
[Annotator "NA"]
[PlyCount "50"]
[EventDate "2019.06.22"]
[EventType "tourn"]
[EventCountry "CZE"]
[SourceTitle "playchess.com"]
[Source "ChessBase"]
[SourceQuality "1"]
[TimeControl "5400+30"]

1. e4 c5 2. Nf3 d6 3. d4 cxd4 4. Nxd4 Nf6 5. Nc3 a6 6. Bc4 e6 7. Bb3 Be7 8. O-O b5 9. f4 Bb7 10. Be3 b4 11. e5 bxc3 12. exf6 Bxf6 13. bxc3 O-O 14. f5 e5 15. Ne2 Qc7 16. Qd2 Nc6 17. Rad1 Rfd8 18. Ng3 Na5 19. Bd5 Nc4 20. Qe2 Bxd5 21. Rxd5 Qc6 22. Rfd1 Nb2 23. R1d2 Nc4 24. Rd1 Nb2 25. R1d2 Nc4 1/2-1/2

[Event "Opocensky Memorial 2019"]
[Site "Prague"]
[Date "2019.06.24"]
[Round "4.2"]
[White "Sergeev, Vladimir"]
[Black "Kozusek, Daniel"]
[Result "1/2-1/2"]
[ECO "B40"]
[WhiteElo "2411"]
[BlackElo "2339"]
[Annotator "NA"]
[PlyCount "74"]
[EventDate "2019.06.22"]
[EventType "tourn"]
[EventCountry "CZE"]
[SourceTitle "playchess.com"]
[Source "ChessBase"]
[SourceQuality "1"]
[TimeControl "5400+30"]

1. Nf3 d5 2. d3 Nf6 3. Nbd2 e6 4. e4 c5 5. c3 Nc6 6. a3 a5 7. a4 b6 8. Be2 Ba6 9. O-O Be7 10. Re1 O-O 11. Bf1 Qc7 12. exd5 exd5 13. Nb3 Bd6 14. g3 h6 15. Bg2 Rfe8 16. Be3 Ng4 17. d4 Nxe3 18. fxe3 Rad8 19. Nh4 Bf8 20. Qc2 Bc8 21. e4 cxd4 22. cxd4 Qd7 23. e5 Nb4 24. Qd2 Ba6 25. Re3 Rc8 26. Rc3 Bc4 27. Nc1 Nc6 28. Re3 Rc7 29. Nf3 Rec8 30. Nd3 Bxd3 31. Rxd3 Bb4 32. Qe3 Nd8 33. b3 Rc2 34. Rf1 R8c3 35. Kh1 Rxd3 36. Qxd3 Rc3 37. Qd1 Ne6 1/2-1/2

[Event "Opocensky Memorial 2019"]
[Site "Prague"]
[Date "2019.06.24"]
[Round "4.3"]
[White "Sahidi, Samir"]
[Black "Kourousis, Epaminondas"]
[Result "1-0"]
[ECO "B13"]
[WhiteElo "2380"]
[BlackElo "2394"]
[Annotator "NA"]
[PlyCount "113"]
[EventDate "2019.06.22"]
[EventType "tourn"]
[EventCountry "CZE"]
[SourceTitle "playchess.com"]
[Source "ChessBase"]
[SourceQuality "1"]
[TimeControl "5400+30"]

1. e4 c6 2. d4 d5 3. exd5 cxd5 4. Bd3 Nc6 5. c3 e6 6. Bf4 Nge7 7. Ne2 Ng6 8. Bg3 Bd6 9. Nd2 O-O 10. O-O Bxg3 11. hxg3 Bd7 12. f4 Qb6 13. Qb3 Qc7 14. Qc2 Rac8 15. Rac1 Qb6 16. Qb3 Qxb3 17. Nxb3 b6 18. Kh2 Nge7 19. Ng1 Nf5 20. Rce1 Nd6 21. g4 f6 22. Nf3 Rfe8 23. Kg3 h6 24. Rh1 Kf7 25. Rh5 f5 26. g5 Ne4+ 27. Bxe4 dxe4 28. Ne5+ Nxe5 29. dxe5 hxg5 30. Rxg5 Rh8 31. Nd4 Bc6 32. Rd1 Ba4 33. Rd2 Rh1 34. Kf2 Rch8 35. b3 Be8 36. c4 a6 37. Nxe6 g6 38. Nc7 R8h4 39. Kg3 Rh8 40. Rd6 e3 41. Rf6+ Ke7 42. Nd5+ Kd8 43. Nxe3 Re1 44. Rd6+ Kc8 45. Nd5 b5 46. Rxa6 Rd1 47. Rd6 Rd3+ 48. Kf2 Rd2+ 49. Ke3 Rxa2 50. e6 Rh1 51. Kd4 Re1 52. Rb6 bxc4 53. bxc4 Re4+ 54. Kc5 Rc2 55. Kd6 Rd2 56. Rg3 Rxc4 57. Rgb3 1-0

[Event "Opocensky Memorial 2019"]
[Site "Prague"]
[Date "2019.06.24"]
[Round "4.4"]
[White "Pulpan, Jakub"]
[Black "Ivanov, Mikhail M"]
[Result "1-0"]
[ECO "B08"]
[WhiteElo "2414"]
[BlackElo "2366"]
[Annotator "NA"]
[PlyCount "89"]
[EventDate "2019.06.22"]
[EventType "tourn"]
[EventCountry "CZE"]
[SourceTitle "playchess.com"]
[Source "ChessBase"]
[SourceQuality "1"]
[TimeControl "5400+30"]

1. e4 g6 2. d4 Bg7 3. Nf3 d6 4. Nc3 a6 5. a4 Nf6 6. Be2 O-O 7. O-O Nc6 8. d5 Nb8 9. h3 a5 10. Be3 Na6 11. Qd2 Nb4 12. Rfe1 e5 13. dxe6 Bxe6 14. Rad1 Re8 15. Nd4 Bd7 16. Bf3 Bc6 17. Nxc6 bxc6 18. b3 Nd7 19. Nb1 h5 20. Na3 Qf6 21. Rc1 Na2 22. Ra1 Nc3 23. Nc4 Ne5 24. Nxe5 Qxe5 25. Bf4 Qc5 26. Qd3 Re6 27. Be3 Qe5 28. Bd2 Qc5 29. Be3 Qe5 30. Qc4 d5 31. exd5 cxd5 32. Qd3 Rae8 33. Rac1 d4 34. Bd2 Qc5 35. h4 Be5 36. g3 Kg7 37. Kg2 Na2 38. Rcd1 c6 39. Re4 Nb4 40. Bxb4 Qxb4 41. Rde1 c5 42. R4e2 R6e7 43. Bc6 Rc8 44. Bd5 Rcc7 45. Rxe5 1-0

[Event "Opocensky Memorial 2019"]
[Site "Prague"]
[Date "2019.06.25"]
[Round "5.1"]
[White "Burdalev, Kirill"]
[Black "Sokolov, Alexander"]
[Result "1-0"]
[ECO "E68"]
[WhiteElo "2385"]
[BlackElo "2382"]
[Annotator "NA"]
[PlyCount "101"]
[EventDate "2019.06.22"]
[EventType "tourn"]
[EventCountry "CZE"]
[SourceTitle "playchess.com"]
[Source "ChessBase"]
[SourceQuality "1"]
[TimeControl "5400+30"]

1. d4 Nf6 2. Nf3 g6 3. c4 Bg7 4. g3 O-O 5. Bg2 d6 6. Nc3 Nbd7 7. O-O e5 8. e4 exd4 9. Nxd4 Re8 10. h3 Nc5 11. Re1 a5 12. Ndb5 Nfd7 13. Bg5 Qxg5 14. Nxc7 Qd8 15. Nxa8 Bxc3 16. bxc3 Ne5 17. Rb1 Nxc4 18. Bf1 Be6 19. Bxc4 Bxc4 20. Nb6 Bxa2 21. Rb2 Be6 22. Qd4 Nb3 23. Qe3 Qc7 24. c4 Nc5 25. h4 h5 26. Qc3 Qc6 27. f3 Qc7 28. Kg2 Qc6 29. Ree2 a4 30. Re3 Qc7 31. Qb4 Bd7 32. Nd5 Qd8 33. e5 Bc6 34. Rbe2 Bxd5 35. cxd5 b6 36. exd6 Rf8 37. Qf4 Nb7 38. Qxa4 Nxd6 39. Qc6 Qb8 40. f4 Rc8 41. Qa4 b5 42. Qa6 b4 43. Rb3 Rc4 44. Reb2 Qe8 45. Qxd6 Qe4+ 46. Rf3 Rc3 47. Rbf2 Rc1 48. Qe5 Qb1 49. Rf1 b3 50. Rxc1 Qxc1 51. Qb8+ 1-0

[Event "Opocensky Memorial 2019"]
[Site "Prague"]
[Date "2019.06.25"]
[Round "5.2"]
[White "Ivanov, Mikhail M"]
[Black "Plischki, Sebastian"]
[Result "1/2-1/2"]
[ECO "A32"]
[WhiteElo "2366"]
[BlackElo "2420"]
[Annotator "NA"]
[PlyCount "31"]
[EventDate "2019.06.22"]
[EventType "tourn"]
[EventCountry "CZE"]
[SourceTitle "playchess.com"]
[Source "ChessBase"]
[SourceQuality "1"]
[TimeControl "5400+30"]

1. d4 Nf6 2. Nf3 e6 3. c4 c5 4. g3 cxd4 5. Nxd4 Qc7 6. Qa4 b6 7. Bf4 e5 8. Bg2 Nc6 9. Nb5 Qb8 10. Bg5 Be7 11. Bxf6 Bxf6 12. N1c3 a6 13. Nd5 Bd8 14. Nbc3 O-O 15. O-O Ra7 16. Rfd1 1/2-1/2

[Event "Opocensky Memorial 2019"]
[Site "Prague"]
[Date "2019.06.25"]
[Round "5.3"]
[White "Kourousis, Epaminondas"]
[Black "Pulpan, Jakub"]
[Result "0-1"]
[ECO "E05"]
[WhiteElo "2394"]
[BlackElo "2414"]
[Annotator "NA"]
[PlyCount "78"]
[EventDate "2019.06.22"]
[EventType "tourn"]
[EventCountry "CZE"]
[SourceTitle "playchess.com"]
[Source "ChessBase"]
[SourceQuality "1"]
[TimeControl "5400+30"]

1. d4 Nf6 2. Nf3 d5 3. c4 e6 4. g3 Be7 5. Bg2 O-O 6. O-O dxc4 7. Qc2 b6 8. Nbd2 Bb7 9. Nxc4 Nbd7 10. Rd1 Rc8 11. Bf4 Nd5 12. Rac1 Nxf4 13. gxf4 Nf6 14. Nce5 Bd6 15. e3 c5 16. Qa4 cxd4 17. Rxc8 Qxc8 18. Nxd4 Bxg2 19. Kxg2 Qc7 20. Nef3 Nd5 21. Qc6 Qd8 22. Kh1 Ne7 23. Qe4 Bc5 24. Rg1 Nd5 25. Nxe6 fxe6 26. Ng5 Nf6 27. Qxe6+ Kh8 28. Nf7+ Rxf7 29. Qxf7 Ng4 30. Rg3 g6 31. Kg2 Qa8+ 32. Kg1 Qd8 33. Rh3 Nf6 34. Kg2 Qa8+ 35. Kf1 Nh5 36. f5 Qh1+ 37. Ke2 Qe4 38. f6 Nf4+ 39. Ke1 Qb1+ 0-1

[Event "Opocensky Memorial 2019"]
[Site "Prague"]
[Date "2019.06.25"]
[Round "5.4"]
[White "Kozusek, Daniel"]
[Black "Sahidi, Samir"]
[Result "0-1"]
[ECO "A45"]
[WhiteElo "2339"]
[BlackElo "2380"]
[Annotator "NA"]
[PlyCount "116"]
[EventDate "2019.06.22"]
[EventType "tourn"]
[EventCountry "CZE"]
[SourceTitle "playchess.com"]
[Source "ChessBase"]
[SourceQuality "1"]
[TimeControl "5400+30"]

1. d4 Nf6 2. Bg5 e6 3. e4 h6 4. Bxf6 Qxf6 5. c3 g6 6. e5 Qe7 7. Bd3 d6 8. f4 Bg7 9. Nf3 O-O 10. Nbd2 dxe5 11. dxe5 Nd7 12. Ne4 Rd8 13. Qe2 Rb8 14. g4 b5 15. O-O-O b4 16. c4 Bb7 17. h4 b3 18. a3 Nc5 19. Bb1 Na4 20. Rxd8+ Rxd8 21. Rd1 Bxe4 22. Rxd8+ Qxd8 23. Bxe4 Bf8 24. Qe3 Qb8 25. Nd2 Nc5 26. h5 gxh5 27. gxh5 Qb6 28. Qg1+ Kh8 29. Qd4 Kg8 30. f5 Nxe4 31. Qxb6 cxb6 32. Nxe4 exf5 33. Nd2 Bg7 34. Nf3 Kf8 35. Kd2 Ke7 36. Ke3 f6 37. e6 f4+ 38. Kxf4 f5 39. Kxf5 Bxb2 40. Nd2 Bxa3 41. Nxb3 Bc5 42. Nc1 a5 43. Ne2 a4 44. Nc3 a3 45. Ke5 Bd6+ 46. Kf5 Bc5 47. Ke5 Bf2 48. Nd5+ Ke8 49. Nb4 Be1 50. Na2 Ke7 51. Kf5 Kd6 52. c5+ bxc5 53. Kf6 Bh4+ 54. Kf7 Kd5 55. e7 Bxe7 56. Kxe7 Kc4 57. Kd6 Kb3 58. Nc1+ Kc2 0-1

[Event "Opocensky Memorial 2019"]
[Site "Prague"]
[Date "2019.06.26"]
[Round "6.1"]
[White "Sokolov, Alexander"]
[Black "Sergeev, Vladimir"]
[Result "1/2-1/2"]
[ECO "B04"]
[WhiteElo "2382"]
[BlackElo "2411"]
[Annotator "NA"]
[PlyCount "81"]
[EventDate "2019.06.22"]
[EventType "tourn"]
[EventCountry "CZE"]
[SourceTitle "playchess.com"]
[Source "ChessBase"]
[SourceQuality "1"]
[TimeControl "5400+30"]

1. e4 Nf6 2. e5 Nd5 3. d4 d6 4. Nf3 Nb6 5. Be2 g6 6. O-O Bg7 7. exd6 cxd6 8. Bg5 h6 9. Bh4 Nc6 10. c3 d5 11. Re1 a6 12. Bd3 Bg4 13. Nbd2 Qd7 14. Qb3 Nc8 15. h3 Bxf3 16. Nxf3 e6 17. Ne5 Nxe5 18. dxe5 Ne7 19. c4 g5 20. Bg3 dxc4 21. Bxc4 Nc6 22. Rad1 Qe7 23. Rd6 O-O 24. Qb6 Rfc8 25. Bd3 Qc7 26. Qe3 Nb4 27. Rd1 Nxd3 28. Qxd3 Qc5 29. Qe4 b5 30. b3 Bf8 31. Rd7 Qc2 32. R1d3 Qb1+ 33. Kh2 Rc1 34. Bf4 Rh1+ 35. Kg3 Rd1 36. Be3 Rxd3 37. Qxd3 Qxd3 38. Rxd3 Rc8 39. h4 Bg7 40. hxg5 hxg5 41. Bxg5 1/2-1/2

[Event "Opocensky Memorial 2019"]
[Site "Prague"]
[Date "2019.06.26"]
[Round "6.2"]
[White "Sahidi, Samir"]
[Black "Neuman, Petr"]
[Result "1/2-1/2"]
[ECO "B52"]
[WhiteElo "2380"]
[BlackElo "2395"]
[Annotator "NA"]
[PlyCount "33"]
[EventDate "2019.06.22"]
[EventType "tourn"]
[EventCountry "CZE"]
[SourceTitle "playchess.com"]
[Source "ChessBase"]
[SourceQuality "1"]
[TimeControl "5400+30"]

1. e4 c5 2. Nf3 d6 3. Bb5+ Bd7 4. Bxd7+ Qxd7 5. O-O Nf6 6. Re1 Nc6 7. c4 Ne5 8. d3 g6 9. Nxe5 dxe5 10. Be3 b6 11. Nc3 e6 12. Qa4 Qxa4 13. Nxa4 O-O-O 14. Red1 Be7 15. Kf1 Nd7 16. a3 Nb8 17. Rd2 1/2-1/2

[Event "Opocensky Memorial 2019"]
[Site "Prague"]
[Date "2019.06.26"]
[Round "6.3"]
[White "Pulpan, Jakub"]
[Black "Kozusek, Daniel"]
[Result "1/2-1/2"]
[ECO "C06"]
[WhiteElo "2414"]
[BlackElo "2339"]
[Annotator "NA"]
[PlyCount "73"]
[EventDate "2019.06.22"]
[EventType "tourn"]
[EventCountry "CZE"]
[SourceTitle "playchess.com"]
[Source "ChessBase"]
[SourceQuality "1"]
[TimeControl "5400+30"]

1. e4 e6 2. d4 d5 3. Nd2 Nf6 4. e5 Nfd7 5. Bd3 c5 6. c3 b6 7. Nh3 Be7 8. O-O Ba6 9. Bxa6 Nxa6 10. f4 g6 11. Nf3 b5 12. Qe2 Qb6 13. a3 c4 14. Be3 Nc7 15. Bf2 a5 16. Bh4 Bxh4 17. Nxh4 O-O-O 18. Nf2 a4 19. Ng4 h6 20. Nf3 Rdg8 21. Qf2 Ne8 22. Rae1 Qd8 23. Qh4 Ng7 24. Qxd8+ Kxd8 25. Ne3 Nf5 26. g4 Nxe3 27. Rxe3 h5 28. Ng5 Ke7 29. h3 hxg4 30. hxg4 Rh4 31. Rg3 Rgh8 32. Nf3 Rh1+ 33. Kg2 Rxf1 34. Kxf1 Rh1+ 35. Rg1 Rxg1+ 36. Kxg1 Nb8 37. Kf2 1/2-1/2

[Event "Opocensky Memorial 2019"]
[Site "Prague"]
[Date "2019.06.26"]
[Round "6.4"]
[White "Plischki, Sebastian"]
[Black "Kourousis, Epaminondas"]
[Result "0-1"]
[ECO "E49"]
[WhiteElo "2420"]
[BlackElo "2394"]
[Annotator "NA"]
[PlyCount "98"]
[EventDate "2019.06.22"]
[EventType "tourn"]
[EventCountry "CZE"]
[SourceTitle "playchess.com"]
[Source "ChessBase"]
[SourceQuality "1"]
[TimeControl "5400+30"]

1. d4 Nf6 2. c4 e6 3. Nc3 Bb4 4. f3 d5 5. a3 Bxc3+ 6. bxc3 O-O 7. cxd5 exd5 8. e3 c5 9. Bd3 Nc6 10. Ne2 Be6 11. O-O Rc8 12. Rb1 Qd7 13. Kh1 Bf5 14. Bxf5 Qxf5 15. Rxb7 Rb8 16. Ng3 Qe6 17. Rxb8 Rxb8 18. e4 Na5 19. e5 Nd7 20. Ne2 Qc6 21. f4 f5 22. g4 fxg4 23. Ng3 cxd4 24. Nf5 Qc4 25. cxd4 Rb1 26. Rg1 h5 27. Ne3 Qb3 28. Qxb3 Nxb3 29. Nxd5 Rxc1 30. Rxc1 Nxc1 31. Nc7 Ne2 32. d5 Nxf4 33. e6 Nf6 34. d6 Nxe6 35. Nxe6 Kf7 36. Nc5 Ke8 37. Kg2 Nd7 38. Ne6 Kf7 39. Nd8+ Kf6 40. Kg3 g5 41. a4 Ne5 42. a5 h4+ 43. Kf2 Kf5 44. a6 g3+ 45. hxg3 h3 46. Kg1 g4 47. Kh2 Ke4 48. d7 Kd5 49. Ne6 Nxd7 0-1

[Event "Opocensky Memorial 2019"]
[Site "Prague"]
[Date "2019.06.26"]
[Round "6.5"]
[White "Burdalev, Kirill"]
[Black "Ivanov, Mikhail M"]
[Result "1-0"]
[ECO "B08"]
[WhiteElo "2385"]
[BlackElo "2366"]
[Annotator "NA"]
[PlyCount "55"]
[EventDate "2019.06.22"]
[EventType "tourn"]
[EventCountry "CZE"]
[SourceTitle "playchess.com"]
[Source "ChessBase"]
[SourceQuality "1"]
[TimeControl "5400+30"]

1. e4 g6 2. d4 Bg7 3. Nf3 d6 4. Be3 Nf6 5. Nc3 a6 6. a4 O-O 7. Qd2 Re8 8. Bc4 c6 9. Bb3 Ng4 10. Bg5 h6 11. h3 hxg5 12. hxg4 e6 13. Nxg5 Nd7 14. f4 d5 15. O-O-O Nf8 16. e5 b5 17. Qe3 Ra7 18. Rh4 f6 19. Nf3 Bh8 20. exf6 Bxf6 21. g5 Bg7 22. Ne5 Bxe5 23. dxe5 Rh7 24. Rxh7 Nxh7 25. Ne4 Qc7 26. Nd6 Re7 27. Qc5 Nf8 28. Nxc8 1-0

[Event "Opocensky Memorial 2019"]
[Site "Prague"]
[Date "2019.06.27"]
[Round "7.1"]
[White "Ivanov, Mikhail M"]
[Black "Sokolov, Alexander"]
[Result "1-0"]
[ECO "A49"]
[WhiteElo "2366"]
[BlackElo "2382"]
[Annotator "NA"]
[PlyCount "81"]
[EventDate "2019.06.22"]
[EventType "tourn"]
[EventCountry "CZE"]
[SourceTitle "playchess.com"]
[Source "ChessBase"]
[SourceQuality "1"]
[TimeControl "5400+30"]

1. Nf3 Nf6 2. g3 g6 3. b3 Bg7 4. Bb2 O-O 5. Bg2 d6 6. d4 Nbd7 7. O-O Re8 8. Nbd2 c5 9. c4 cxd4 10. Nxd4 Qb6 11. Qc2 Nc5 12. a4 a5 13. h3 Bd7 14. e4 Nh5 15. N2f3 e5 16. Nb5 f5 17. Nd2 fxe4 18. Kh2 Nf6 19. Ba3 Rac8 20. Rad1 d5 21. Qb1 Bf5 22. g4 e3 23. gxf5 e2 24. cxd5 exf1=N+ 25. Rxf1 Qd8 26. Nc4 Nxd5 27. Nbd6 e4 28. Nxe8 Qxe8 29. Kh1 Nc3 30. Qc2 Qd8 31. fxg6 hxg6 32. Bxc5 Rxc5 33. Bxe4 Qh4 34. Bg2 Rf5 35. Qd3 Kh7 36. Qg3 Qd4 37. Ne3 Ne2 38. Qc7 Re5 39. Rd1 Qb2 40. Qc2 Qxc2 41. Nxc2 1-0

[Event "Opocensky Memorial 2019"]
[Site "Prague"]
[Date "2019.06.27"]
[Round "7.2"]
[White "Kourousis, Epaminondas"]
[Black "Burdalev, Kirill"]
[Result "1-0"]
[ECO "A07"]
[WhiteElo "2394"]
[BlackElo "2385"]
[Annotator "NA"]
[PlyCount "77"]
[EventDate "2019.06.22"]
[EventType "tourn"]
[EventCountry "CZE"]
[SourceTitle "playchess.com"]
[Source "ChessBase"]
[SourceQuality "1"]
[TimeControl "5400+30"]

1. Nf3 d5 2. g3 Bg4 3. Bg2 Nd7 4. O-O c6 5. d3 Ngf6 6. b3 e5 7. h3 Bh5 8. Bb2 Bd6 9. Nh4 O-O 10. Nf5 Bc7 11. Nd2 Re8 12. Qe1 a5 13. a3 Nc5 14. e4 Ne6 15. Kh1 Bg6 16. Nh4 Bh5 17. f4 exf4 18. e5 f3 19. Ndxf3 Nd7 20. Qf2 Bb6 21. Qd2 Bc7 22. g4 Bg6 23. Rae1 Ndf8 24. Nf5 Qd7 25. h4 h5 26. Bh3 Qd8 27. Rg1 d4 28. gxh5 Bxh5 29. Bg4 Bxg4 30. Rxg4 Qd5 31. Qg2 g6 32. h5 Kh8 33. N5xd4 Nh7 34. hxg6 fxg6 35. Nxe6 Rxe6 36. Rd4 Qc5 37. Rd7 Bb6 38. Rxh7+ Kxh7 39. Ng5+ 1-0

[Event "Opocensky Memorial 2019"]
[Site "Prague"]
[Date "2019.06.27"]
[Round "7.3"]
[White "Kozusek, Daniel"]
[Black "Plischki, Sebastian"]
[Result "1/2-1/2"]
[ECO "B07"]
[WhiteElo "2339"]
[BlackElo "2420"]
[Annotator "NA"]
[PlyCount "51"]
[EventDate "2019.06.22"]
[EventType "tourn"]
[EventCountry "CZE"]
[SourceTitle "playchess.com"]
[Source "ChessBase"]
[SourceQuality "1"]
[TimeControl "5400+30"]

1. d4 Nf6 2. g3 c5 3. d5 d6 4. Nc3 g6 5. Bg2 Bg7 6. e4 O-O 7. Nge2 Nbd7 8. h3 Rb8 9. a4 b6 10. O-O a6 11. Rb1 b5 12. axb5 axb5 13. b4 cxb4 14. Na2 b3 15. cxb3 Nc5 16. Nb4 Bd7 17. f3 Qc8 18. Kh2 Na6 19. Qd2 Nxb4 20. Qxb4 Qc2 21. Bd2 Rfc8 22. Rfd1 Ne8 23. Rbc1 Qd3 24. Nf4 Qd4 25. Qxd4 Bxd4 26. Nd3 1/2-1/2